 Dungeon Crawl Stone Soup version 0.26.0-10-g1f06aea511 (webtiles) character file.

Game seed: 4893146009462221134

2 Goblin1989 the Sneak (level 1, -1/18 HPs)
             Began as a Demonspawn Delver on Jan 23, 2021.
             Was an Initiate of Okawaru.
             Slain by a leopard gecko (3 damage)
             ... on level 4 of the Dungeon.
             The game lasted 00:00:40 (71 turns).

Goblin1989 the Sneak (Demonspawn Delver)              Turns: 71, Time: 00:00:40

Health: -1/18      AC:  3    Str: 12    XL:     1   Next: 25%
Magic:  1/1        EV: 12    Int: 11    God:    Okawaru [......]
Gold:   0          SH:  0    Dex: 14    Spells: 0/0 levels left

rFire    . . .     SeeInvis .   a - +0 mace
rCold    . . .     Faith    .   (no shield)
rNeg     . . .     Spirit   .   b - +0 leather armour
rPois    .         Reflect  .   (no helmet)
rElec    .         Harm     .   (no cloak)
rCorr    .         Rampage  .   (no gloves)
Will     .....                  (no boots)
Stlth    ++........             (no amulet)
HPRegen  0.06/turn              (no ring)
MPRegen  0.07/turn              (no ring)

@: no status effects
A: no striking features
a: Renounce Religion


You were on level 4 of the Dungeon.
You worshipped Okawaru.
Okawaru was noncommittal.
You visited 1 branch of the dungeon, and saw 2 of its levels.

Inventory:

Hand Weapons
 a - a +0 mace (weapon)
Missiles
 O - 11 stones (quivered) {@Q3}
Armour
 b - a +0 leather armour (worn)
Wands
 g - a wand of digging (3) {@v1}
Scrolls
 c - a scroll of fog
 e - a scroll of fear
 M - a scroll of magic mapping
Potions
 f - a potion of haste {@q3,}
 N - a potion of curing {unknown}


   Skills:
 - Level 3.0 Fighting
 + Level 2.0 Maces & Flails
 - Level 1.7 Dodging
 - Level 4.5 Stealth


You couldn't memorise any spells.
You didn't know any spells.
Your spell library was empty.

Dungeon Overview and Level Annotations

Branches:
Dungeon (5/15)
 Temple: D:4-7

Altars:
Okawaru


Message History

You become a guardian mummy!
Welcome, Goblin1989 the Demonspawn Delver.
It is said that the Orb of Zot exists deep within this dungeon.
Press ? for a list of commands and other information.
Found a stone staircase leading down.
An ooze comes into view.
The ooze moves out of view.
Found an iron altar of Okawaru.
There is an iron altar of Okawaru here.
You kneel at the altar of Okawaru.
Okawaru welcomes you!
Unknown command.
Press < or > to pray at altars.
Found a puce potion.
N - a puce potion As you open the door, it creaks loudly!
There is an open door here.
Found an escape hatch in the ceiling.
There is an escape hatch in the ceiling here.
Really go through this one-way escape hatch?
A mysterious force pulls you upwards. The hatch slams shut behind you.
Found 11 stones.
Unknown command.
You see here 11 stones {@Q3}.
O - 11 stones {@Q3}
Found a stone staircase leading down.
A leopard gecko comes into view.
An orc comes into view. It is wielding a +0 falchion.
The orc shouts!
The orc closely misses you.
The leopard gecko hisses angrily.
You hit the orc but do no damage. The orc closely misses you.
The leopard gecko bites you but does no damage.
You closely miss the orc.
The leopard gecko hisses menacingly.
The leopard gecko closely misses you. The orc hits you but does no damage.
You hit the orc but do no damage.
The leopard gecko bites you but does no damage.
The orc hits you with a +0 falchion. The leopard gecko barely misses you.
You take 5 damage, and have 13/18 hp.
MASSIVE DAMAGE!!
You hit the orc but do no damage. The orc hits you with a +0 falchion.
The leopard gecko bites you.
You take 4 damage, and have 9/18 hp.
MASSIVE DAMAGE!!
You hit the orc.
The orc is severely wounded.
The leopard gecko barely misses you. The orc hits you with a +0 falchion.
* * * LOW HITPOINT WARNING * * *
The leopard gecko bites you but does no damage.
The orc barely misses you.
You take 4 damage, and have 5/18 hp.
MASSIVE DAMAGE!!
You hit the orc.
You kill the orc!
Okawaru accepts your kill. The leopard gecko bites you.
* * * LOW HITPOINT WARNING * * *
Your Maces & Flails skill increases to level 2!
You take 1 damage, and have 4/18 hp.
Unknown command.
The leopard gecko misses you.
Things that are here:
a +0 falchion; a +0 scale mail; an orc corpse You hit the leopard gecko but do no damage.
The leopard gecko misses you.
You miss the leopard gecko. The leopard gecko bites you.
* * * LOW HITPOINT WARNING * * *
The leopard gecko bites you.
You die...

..>...................
.....███.████████████.
.......█.███
.███.█.█...█
.....███.█ █...█ █.█
█...█ █.█
█████...███.█
.........@l.█
███████.█████ ...█


█████ You could see a leopard gecko.

Vanquished Creatures
  An orc (D:4)
1 creature vanquished.

Notes
Turn   | Place    | Note
-------+----------+-------------------------------------------
     0 | D:5      | Goblin1989 the Demonspawn Delver began the quest for the
                  | Orb.
     0 | D:5      | Reached XP level 1. HP: 18/18 MP: 1/1
     1 | D:5      | Found an iron altar of Okawaru.
     9 | D:5      | Became a worshipper of Warmaster Okawaru
    71 | D:4      | Slain by a leopard gecko

Illustrated notes

Levels and vault maps discovered:
D:4:      layout_basic, vehumet_crystals, minmay_temple_entry_drinking_statues,
          amethyst_killhole, lemuel_angel_altar
D:5:      layout_basic, basic_altar, gammafunk_ghost_split, serial_shops, shop,
          grunt_dithmenos_smoke_and_mirrors

Skill      XL: |  1 |
---------------+----+-----
Maces & Flails | 2 |  2.0
Fighting       | |  3.0
Dodging        | |  1.7
Stealth        | |  4.5

Action                   || total
-------------------------++-------
Melee: Mace              ||     8
Armor: Leather armour    ||     4
Dodge: Dodged            ||     8
